 Dungeon Crawl Stone Soup version 0.20.1-1-g8b1a95d (webtiles) character file.

6576 Jazqa the Spear-Bearer (level 11, -2/91 HPs)
             Began as a Merfolk Gladiator on Oct 30, 2017.
             Was a Priest of the Shining One.
             Slain by a yak (4 damage)
             ... on level 9 of the Dungeon.
             The game lasted 00:12:27 (9314 turns).

Jazqa the Spear-Bearer (Merfolk Gladiator)          Turns: 9314, Time: 00:12:28

Health: -2/91      AC: 21    Str: 16    XL:     11   Next: 1%
Magic:  13/16      EV:  9    Int:  9    God:    the Shining One [***...]
Gold:   405        SH:  8    Dex: 16    Spells: 10/10 levels left

rFire    . . .     SeeInvis .   a - +1 trident
rCold    . . .     Gourm    .   (no shield)
rNeg     + + .     Faith    .   k - +7 plate armour of the Rabble {-Tele rElec rN+}
rPois    +         Spirit   .   j - +1 helmet
rElec    +         Reflect  .   w - +0 cloak {rPois}
rCorr    .         Harm     .   (no gloves)
MR       .....     NoTele   +   (no boots)
Stlth    ..........             (no amulet)
Regen    0.3/turn               (no ring)
MPRegen  0.2/turn               (no ring)

@: divine shield, glowing
A: change form in water, swift swim, stealthy swim
a: Divine Shield, Renounce Religion


You were on level 9 of the Dungeon.
You worshipped the Shining One.
The Shining One was most pleased with you.
You were not hungry.

You visited 1 branch of the dungeon, and saw 9 of its levels.

You collected 625 gold pieces.
You spent 220 gold pieces at shops.


   Skills:
 + Level 10.2 Fighting
 + Level 13.2 Polearms
 - Level 2.0 Throwing
 + Level 3.4 Armour
 + Level 9.2 Dodging
 + Level 6.7 Invocations


You had 10 spell levels left.
You didn't know any spells.

Inventory:

Hand Weapons
 a - a +1 trident (weapon)
Missiles
 d - 5 throwing nets (quivered) {=f}
Armour
 j - a +1 helmet (worn)
 k - the +7 plate armour of the Rabble (worn) {-Tele rElec rN+}
   (You found it on level 6 of the Dungeon)

   It insulates you from electricity.
   It protects you from negative energy.
   It prevents most forms of teleportation.
 w - a +0 cloak of poison resistance (worn)
Wands
 o - a wand of iceblast (7/15)
 B - a wand of scattershot (5/9)
Scrolls
 e - 4 scrolls of identify {@r1}
 g - 4 scrolls of amnesia
 i - 2 scrolls of teleportation {@r4}
 l - 6 scrolls of remove curse {@r2}
 n - 2 scrolls of enchant weapon
 p - a scroll of enchant armour
 t - a scroll of fear
 y - a scroll of blinking
Potions
 c - a potion of ambrosia
 h - 2 potions of flight
 v - a potion of brilliance
 x - a potion of cancellation
 z - a potion of mutation {!q}
Books
 u - a book of Frost

   Spells                             Type                      Level
   a - Freeze                         Ice                          1
   b - Throw Frost                    Conjuration/Ice              2
   c - Ozocubu's Armour               Charms/Ice                   3
   d - Throw Icicle                   Conjuration/Ice              4
   e - Summon Ice Beast               Ice/Summoning                4
Comestibles
 f - 6 bread rations {@e1}
 m - 2 royal jellies {@e3}
 q - 3 meat rations {@e1}
 r - 6 fruits {@e2}
 s - 3 chunks of flesh

Dungeon Overview and Level Annotations

Branches:
Dungeon (9/15)             Temple (0/1) D:5
   Lair: D:8-11         Orc: D:9-12

Altars:
Ashenzari
Elyvilon
Kikubaaqudgha
Okawaru
Ru
Uskayaw
Zin
The Shining One

Shops:
D:4 (   D:6 }! D:7

*= #.#. #..# #..#
#..# #..#.......#
#..#.......#
#..##......#
#Y##......#
#@†#......##
##..#.......#
#..)#.......#
#.........":#
##.........)#
##........).##
#............#
#............###
#..............##


You could see a yak.


Message History

You hit the yak.
The yak is almost dead.
You block the yak's attack.
You puncture the yak!
You kill the yak!
You have reached level 11!
The yak gores you!
* * * LOW HITPOINT WARNING * * *
You puncture the yak!
The yak is moderately wounded.
The yak misses you.
You puncture the yak!
The yak is heavily wounded.
You hit the yak.
The yak is heavily wounded.
The yak barely misses you.
Okay, then.
You hit the yak but do no damage.
The yak is heavily wounded.
You block the yak's attack.
You puncture the yak!
The yak is severely wounded.
You hit the yak.
The yak is almost dead.
The yak gores you.
* * * LOW HITPOINT WARNING * * *
You hit the yak but do no damage.
The yak is almost dead.
The yak gores you.
You die...

Skill      XL: |  1  2  3  4  5  6  7  8  9 10 |
---------------+-------------------------------+-----
Polearms       | 5 7 8 9 11 12 13 | 13.2
Fighting       | 3 4 5 7 8 9 10 | 10.2
Invocations    | 2 5 6 |  6.7
Dodging        | 5 7 9 |  9.2
Armour         | 1 3 |  3.4
Throwing       | |  2.0

Action                   |  1- 3 |  4- 6 |  7- 9 | 10-12 || total
-------------------------+-------+-------+-------+-------++-------
Melee: Trident           |   107 |   108 |   427 |   377 ||  1019
       Tailslap          |       |       |     1 |     1 ||     2
Invok: Divine Shield     |       |       |       |     2 ||     2
  Use: Potion            |     1 |     5 |     7 |     7 ||    20
       Scroll            |       |       |    15 |     3 ||    18
 Stab: Sleeping          |     2 |       |       |       ||     2
  Eat: Chunk             |       |     4 |    15 |     9 ||    28
Armor: Leather armour    |    27 |    10 |    27 |       ||    64
       Skin              |       |     5 |       |       ||     5
       Plate armour      |       |       |    59 |   268 ||   327
Dodge: Dodged            |    82 |    53 |   160 |   173 ||   468
Block: Other             |       |       |       |    42 ||    42

Vault maps used:
D:1:      lightli_arrival_quake, tso_altar
D:3:      lemuel_round_altar, uniq_sigmund
D:4:      cheibrodos_greedy_goblins, serial_shops, nicolae_shop_behind_doors
D:5:      minmay_temple_entry_poolview, first_bread, basic_altar, uniq_duvessa
D:6:      kennysheep_windowed_halls, serial_shops, shop,
          nicolae_for_you_no_charge, uniq_edmund, uniq_prince_ribbit1,
          uniq_crazy_yiuf_cottage
D:7:      gammafunk_temple_overflow_claw, serial_shops, shop_fountains,
          nicolae_shop_trees, serial_bayou_ford_a, uniq_menkaure
D:8:      okawaru_ov_weapons_minmay, basic_altar

Notes
Turn   | Place    | Note
-------+----------+-------------------------------------------
     0 | D:1      | Jazqa the Merfolk Gladiator began the quest for the Orb.
     0 | D:1      | Reached XP level 1. HP: 16/16 MP: 1/1
    71 | D:1      | Reached XP level 2. HP: 22/23 MP: 2/2
    92 | D:1      | Reached skill level 5 in Polearms
   262 | D:1      | Reached XP level 3. HP: 19/28 MP: 3/3
   265 | D:1      | Reached skill level 3 in Fighting
   510 | D:1      | Found a glowing golden altar of the Shining One.
   517 | D:1      | Became a worshipper of the Shining One
   908 | D:2      | Reached XP level 4. HP: 12/35 MP: 4/4
  1101 | D:3      | Reached skill level 6 in Polearms
  1181 | D:3      | Noticed Sigmund
  1187 | D:3      | Identified a potion of resistance
  1199 | D:3      | Killed Sigmund
  1199 | D:3      | Reached skill level 4 in Fighting
  1199 | D:3      | Reached skill level 7 in Polearms
  1199 | D:3      | Reached XP level 5. HP: 43/43 MP: 5/5
  1199 | D:3      | Reached XP level 6. HP: 50/50 MP: 6/6
  1469 | D:3      | Reached skill level 5 in Fighting
  1736 | D:3      | Found a sacrificial altar of Ru.
  1880 | D:4      | Reached skill level 8 in Polearms
  2131 | D:4      | Reached XP level 7. HP: 10/57 MP: 7/7
  2447 | D:4      | Reached skill level 6 in Fighting
  2735 | D:4      | Reached skill level 9 in Polearms
  3063 | D:4      | Found Gepeti's Weapon Boutique.
  3660 | D:4      | Reached skill level 7 in Fighting
  3830 | D:5      | Entered Level 5 of the Dungeon
  3835 | D:5      | Found a shattered altar of Ashenzari.
  3870 | D:5      | Noticed Duvessa
  3876 | D:5      | Noticed Dowan
  3888 | D:5      | Killed Dowan
  3888 | D:5      | Reached XP level 8. HP: 44/67 MP: 8/8
  3899 | D:5      | Killed Duvessa
  3899 | D:5      | Reached skill level 10 in Polearms
  4469 | D:5      | Reached skill level 1 in Invocations
  4847 | D:5      | Reached * piety under the Shining One
  4917 | D:5      | Reached skill level 2 in Invocations
  4961 | D:5      | Reached skill level 8 in Fighting
  5051 | D:5      | Reached skill level 5 in Dodging
  5195 | D:5      | Found a staircase to the Ecumenical Temple.
  5247 | D:6      | Noticed gungr's ghost (novice OpTm)
  5259 | D:6      | Killed gungr's ghost
  5259 | D:6      | Reached skill level 11 in Polearms
  5259 | D:6      | Reached XP level 9. HP: 55/74 MP: 9/11
  5266 | D:6      | Reached skill level 3 in Invocations
  5374 | D:6      | Found Taogh's Distillery.
  5380 | D:6      | Bought a potion of might for 40 gold pieces
  5380 | D:6      | Bought a potion of haste for 100 gold pieces
  5380 | D:6      | Bought a potion of mutation for 80 gold pieces
  5408 | D:6      | Found Sura's Quality Used Wands.
  5522 | D:6      | Noticed Edmund
  5522 | D:6      | Noticed Prince Ribbit
  5540 | D:6      | Killed Edmund
  5543 | D:6      | Reached skill level 6 in Dodging
  5550 | D:6      | Killed Prince Ribbit
  5576 | D:6      | Reached skill level 4 in Invocations
  5947 | D:6      | Got a ruby-encrusted plate armour
  5959 | D:6      | Identified the +7 plate armour of the Rabble {-Tele rElec rN+} (You found it on level 6 of the Dungeon)
  6044 | D:6      | Found a runed door.
  6155 | D:6      | Reached skill level 9 in Fighting
  6198 | D:6      | Reached skill level 7 in Dodging
  6223 | D:6      | Reached skill level 1 in Armour
  6391 | D:6      | Reached skill level 12 in Polearms
  6418 | D:6      | Reached ** piety under the Shining One
  6512 | D:6      | Reached skill level 5 in Invocations
  6589 | D:6      | Noticed Crazy Yiuf
  6592 | D:6      | Killed Crazy Yiuf
  6737 | D:7      | Found Gaetz's Jewellery Boutique.
  6824 | D:7      | Reached XP level 10. HP: 79/83 MP: 13/13
  6919 | D:7      | Found a glowing silver altar of Zin.
  6919 | D:7      | Found a white marble altar of Elyvilon.
  6920 | D:7      | Found an ancient bone altar of Kikubaaqudgha.
  7189 | D:7      | Found Cuibezxy's General Store.
  7238 | D:7      | Reached skill level 2 in Armour
  7305 | D:7      | Noticed Menkaure
  7316 | D:7      | Killed Menkaure
  7527 | D:8      | Reached skill level 8 in Dodging
  7548 | D:8      | Found a hide-covered altar of Uskayaw.
  7634 | D:8      | Found an iron altar of Okawaru.
  7842 | D:8      | HP: 6/84 [killer bee (4)]
  8635 | D:9      | Reached skill level 6 in Invocations
  8810 | D:9      | Reached skill level 3 in Armour
  8829 | D:9      | Reached skill level 10 in Fighting
  9091 | D:9      | Reached *** piety under the Shining One
  9264 | D:9      | Reached skill level 13 in Polearms
  9264 | D:9      | Reached skill level 9 in Dodging
  9291 | D:9      | HP: 7/85 [yak (6)]
  9294 | D:9      | HP: 1/85 [yak (3)]
  9307 | D:9      | Reached XP level 11. HP: 11/91 MP: 13/16
  9307 | D:9      | HP: 3/91 [yak (8)]
  9313 | D:9      | HP: 2/91 [yak (2)]
  9314 | D:9      | Slain by a yak

Vanquished Creatures
  The ghost of gungr the Insei, a novice OpTm of Hepliaklqana (D:6)
  A troll (D:9)
  Prince Ribbit (D:6)
  Sigmund (D:3)
  5 yaks (D:9)
  A hungry ghost (D:9)
  Menkaure (D:7)
  Edmund (D:6)
  Duvessa (D:5)
  A water moccasin (D:7)
  4 black bears
  A sky beast (D:6)
  An orc warrior (D:9)
  3 ice beasts
  3 phantoms
  4 centaurs
  8 ogres
  5 bullfrogs
  2 wyvern skeletons
  Dowan (D:5)
  4 scorpions
  6 killer bees (D:8)
  5 howler monkeys
  4 crimson imps
  2 quasits
  2 hounds
  2 orc priests
  A jelly (D:5)
  9 orc wizards
  Crazy Yiuf (D:6)
  2 iguanas
  11 worker ants
  A hound skeleton (D:7)
  4 worker ant zombies
  9 adders
  10 gnolls
  A shadow imp (D:6)
  An ooze (D:5)
  3 adder skeletons
  A dart slug (D:1)
  6 leopard geckos
  28 orcs
  3 ball pythons
  10 bats
  7 giant cockroaches
  12 goblins
  7 hobgoblins
  6 jackals
  5 quokkas
  6 frilled lizards
  A leopard gecko zombie (D:7)
  5 rats
221 creatures vanquished.
